 Dungeon Crawl Stone Soup version 0.31.0-11-ge490571c62 (webtiles) character file.

Game seed: 1601909006216997601

378 Rassilon the Insei (level 6, -13/50 HPs)
             Began as a Demonspawn Monk on Feb 2, 2024.
             Mangled by an ogre
             ... wielding a +0 giant spiked club
              (19 damage)
             ... on level 4 of the Dungeon.
             The game lasted 00:09:46 (3309 turns).

Rassilon the Insei (Demonspawn Monk)                Turns: 3309, Time: 00:09:47

Health: -13/50     AC:  4    Str: 17 (20) XL:     6   Next: 45%
Magic:  6/6        EV: 13    Int:  9 (10) God:
Gold:   163        SH:  0    Dex: 12 (15) Spells: 5/5 levels left

rFire   . .          .
                       - Unarmed
rCold   x . .        (no shield)
rNeg    . . .        a - +1 robe
rPois   +            (no helmet)
rElec   .            j - scarf of Absence {harm, Rampage rPois rC- Str+6}
rCorr   .            (no gloves)
SInv    .            (no boots)
Will    .....        (no amulet)
Stlth   +            (no ring)
HPRegen 0.28/turn    (no ring)
MPRegen 0.10/turn

%: harm (+30% outgoing, +20% incoming), rampage
@: no status effects
A: rugged brown scales 1, powered by death 1
a: no special abilities


You were on level 4 of the Dungeon.
You visited 1 branch of the dungeon, and saw 4 of its levels.

You collected 163 gold pieces.

Inventory:

Missiles
 b - 5 atropa-tipped darts
 f - 4 boomerangs (quivered)
Armour
 a - a +1 robe (worn)
 j - the scarf of Absence (worn) {harm, Rampage rPois rC- Str+6}
   (You found it on level 3 of the Dungeon)

   Str+6:     It affects your strength (+6).
   rC-:       It makes you vulnerable to cold.
   rPois:     It protects you from poison Rampage: It bestows one free step when
   moving towards enemies.
Jewellery
 d - a ring of flight
Scrolls
 g - 2 scrolls of enchant armour
 h - a scroll of teleportation {unknown}
 n - a scroll of blinking
Potions
 c - a potion of curing
 e - a potion of haste
 k - a potion of enlightenment
 o - a potion of magic
 p - a potion of might {unknown}


   Skills:
 + Level 4.4 Fighting
 + Level 4.0 Dodging
 * Level 5.1 Unarmed Combat


You had 5 spell levels left.
You didn't know any spells.
Your spell library contained the following spells:

 Spells                   Type           Power      Damage    Failure   Level
 Call Canine Familiar     Summ           0%         N/A       77%         3
 Sigil of Binding         Hex            0%         N/A       77%         3
 Summon Ice Beast         Ice/Summ       0%         N/A       77%         3
 Dimensional Bullseye     Hex/Tloc       0%         N/A       99%         4
 Leda's Liquefaction      Alch/Erth      0%         N/A       99%         4
 Lee's Rapid Deconstruct  Erth           0%         3d4*      100%        5
 Summon Mana Viper        Hex/Summ       0%         N/A       100%        5
 Bombard                  Conj/Erth      0%         9d1       100%        6
 Monstrous Menagerie      Summ           0%         N/A       100%        7


Dungeon Overview and Level Annotations

Branches:
Dungeon (4/15)
 Temple: D:4-7

Altars:


Innate Abilities, Weirdness & Mutations

You are partially covered in rugged brown scales. (AC +1, +3% HP)
You regenerate a little health from kills.


Message History

You now have 155 gold pieces (gained 6).
You now have 163 gold pieces (gained 8).
An adder comes into view.
An ogre comes into view. It is wielding a +0 giant spiked club.
You rampage towards the adder!
The adder hisses angrily.
The ogre shouts!
The adder bites you. The adder closely misses you.
You punch the adder! Your punch misses the adder.
The adder is almost dead.
The adder barely misses you.
You barely miss the adder.
The adder is almost dead.
The adder completely misses you. The ogre closely misses you.
You barely miss the adder.
The adder is almost dead.
The adder bites you.
You hit the adder.
You kill the adder!
The ogre completely misses you.
You hit the ogre.
The ogre is lightly wounded.
The ogre hits you with a +0 giant spiked club!!
Ouch! That really hurt!
You punch the ogre!
The ogre is heavily wounded.
You hit the ogre but do no damage.
The ogre is heavily wounded.
The ogre hits you with a +0 giant spiked club!
* * * LOW HITPOINT WARNING * * *
Unknown command.
Press: ? - help, v - describe, . - travel The floor, spattered with blood.
It was a potion of degeneration.
There was something very wrong with that liquid.
You feel weakened.
You feel dopey.
You feel clumsy.
It was a potion of magic.
Magic courses through your body. The ogre barely misses you.
The ogre attacks as it pursues you!
The ogre hits you with a +0 giant spiked club!
You die...

# ...# ..... ###..##
........... ..# ......#
.........#. ..####
.....###.........#.##.....
.................#..#....
........#........#.....###.
.......###.......##........
#.......#...(.....#.....#
................@O......#
#..................#.......
....#####......##.##.#.....
....# #.......##.# .. ....
.#..#.##....##....#.... ...
.##..........#.......... ..
.##...##................# .
†##..###........##......#
..............#.# .....#


You could see an ogre.

Vanquished Creatures
  Sigmund (D:2)
  A bombardier beetle (D:3)
  Crazy Yiuf (D:3)
  Jessica (D:3)
  Robin (D:3)
  3 adders
  A gnoll (D:1)
  3 ribbon worms
  A dart slug (D:2)
  7 ball pythons
  7 endoplasms
  4 giant cockroaches
  12 goblins
  8 hobgoblins
  6 jackals
  2 quokkas
  6 bats
  6 frilled lizards
  3 kobolds
  6 rats
80 creatures vanquished.

Notes
Turn   | Place    | Note
-------+----------+-------------------------------------------
     0 | D:1      | Rassilon the Demonspawn Monk began the quest for the Orb.
     0 | D:1      | Reached XP level 1. HP: 18/18 MP: 1/1
   237 | D:1      | Reached skill level 3 in Unarmed Combat
   255 | D:1      | Gained mutation: You regenerate a little health from kills.
                  | [demonic ancestry]
   255 | D:1      | Reached XP level 2. HP: 21/24 MP: 2/2
   508 | D:1      | Found a faded altar of an unknown god.
   696 | D:1      | Reached XP level 3. HP: 12/29 MP: 3/3
  1219 | D:2      | Reached XP level 4. HP: 30/35 MP: 4/4
  1411 | D:2      | Noticed Sigmund
  1427 | D:2      | Killed Sigmund
  1428 | D:2      | Reached skill level 4 in Unarmed Combat
  1428 | D:2      | Reached XP level 5. HP: 41/42 MP: 5/5
  2195 | D:3      | Gained mutation: You are partially covered in rugged brown
                  | scales. (AC +1, +3% HP) [demonic ancestry]
  2195 | D:3      | Reached XP level 6. HP: 42/49 MP: 6/6
  2328 | D:3      | Identified the scarf of Absence {harm, Rampage rPois rC-
                  | Str+6}
  2589 | D:3      | Noticed Robin
  2598 | D:3      | Killed Robin
  2746 | D:3      | Noticed Jessica
  2754 | D:3      | Killed Jessica
  2755 | D:3      | Reached skill level 5 in Unarmed Combat
  2961 | D:3      | Found a runed translucent door.
  2962 | D:3      | Noticed Crazy Yiuf
  3138 | D:3      | Killed Crazy Yiuf
  3309 | D:4      | Mangled by an ogre

Illustrated notes

Levels and vault maps discovered:
D:1:      dpeg_arrival_leaves_temple_mockup, layout_loops_ring,
          basic_ecumenical_altar
D:2:      layout_basic, uniq_sigmund
D:3:      layout_basic, uniq_jessica, uniq_crazy_yiuf_cottage, uniq_robin
D:4:      layout_cave_pools, supply_closet_lemuel, kennysheep_generic_room_10,
          uniq_grinder

Skill      XL: |  1  2  3  4  5  6 |
---------------+-------------------+-----
Unarmed Combat | 3 4 5 |  5.1
Dodging        | 3 4 |  4.0
Fighting       | 4 |  4.4

Action                     |  1- 3 |  4- 6 || total
---------------------------+-------+-------++-------
  Melee: Unarmed           |   138 |   158 ||   296
         Punch             |       |     3 ||     3
  Throw: Boomerang         |     7 |       ||     7
    Use: Potion            |     1 |     4 ||     5
         Scroll            |       |     8 ||     8
   Stab: Sleeping          |     5 |     1 ||     6
         Distracted        |       |     1 ||     1
 Armour: Robe              |    53 |    78 ||   131
  Dodge: Dodged            |    88 |    95 ||   183
